 Dungeon Crawl Stone Soup version 0.31-a0-157-g0643eb4156 (webtiles) character file.

Game seed: 7750139659735998856

331 qw the Chopper (level 6, -1/38 HPs)
             Began as a Gargoyle Fighter on June 12, 2023.
             Slain by a gnoll
             ... wielding a +0 halberd
              (4 damage)
             ... on level 4 of the Dungeon.
             The game lasted 00:01:34 (2614 turns).

qw the Chopper (Gargoyle Fighter)                   Turns: 2614, Time: 00:01:35

Health: -1/38      AC: 27    Str: 21    XL:     6   Next: 52%
Magic:  6/6        EV:  5    Int:  9    God:
Gold:   216        SH:  4    Dex: 12    Spells: 5/5 levels left

rFire   . . .        Y - +1 war axe (protect)
rCold   . . .        c - +0 buckler
rNeg    + + +        g - +0 plate armour
rPois   inf          (no helmet)
rElec   +            k - +0 cloak
rCorr   .            (no gloves)
SInv    +            o - +2 pair of boots "Mupu" {-Cast rN+ Dex+3 SInv}
Will    .....        (no amulet) Stlth
                     l - ring of positive energy
HPRegen 0.26/turn    (no ring)
MPRegen 0.10/turn

%: no spellcasting
@: about to teleport, under a protective aura
A: sickness immunity, AC +4, negative energy resistance 1, electricity
resistance, torment resistance 1, petrification resistance
a: no special abilities


You were on level 4 of the Dungeon.
You visited 1 branch of the dungeon, and saw 4 of its levels.

You collected 216 gold pieces.


Innate Abilities, Weirdness & Mutations

You are immune to sickness and miasma.
Your stone body is resilient. (AC +4)
You are immune to poison.
You resist negative energy. (rN+)
You are resistant to electric shocks. (rElec)
You are resistant to unholy torment.
You are immune to petrification.


   Skills:
 - Level 4.1 Fighting
 + Level 5.7 Axes
 - Level 3.2 Armour
 - Level 3.2 Shields


You had 5 spell levels left.
You didn't know any spells.
Your spell library was empty.

Inventory:

Hand Weapons
 b - a +1 flail of holy wrath
 Y - a +1 war axe of protection (weapon)
Missiles
 f - 3 boomerangs (quivered)
Armour
 c - a +0 buckler (worn)
 g - a +0 plate armour (worn)
 k - a +0 cloak (worn)
 o - the +2 pair of boots "Mupu" (worn) {-Cast rN+ Dex+3 SInv}
   (You found it on level 3 of the Dungeon)

   Dex:       It affects your dexterity (+3).
   rN:        It protects you from negative energy.
   SInv:      It lets you see invisible.
   -Cast:     It prevents spellcasting.
Jewellery
 l - a ring of positive energy (left hand)
Scrolls
 a - a scroll of identify
 i - a scroll of enchant armour {unknown}
Potions
 d - 6 potions of might
 e - a potion of berserk rage {unknown}
 m - a potion of attraction {unknown}
 n - 4 potions of curing {unknown}
 p - a potion of heal wounds {unknown}

Dungeon Overview and Level Annotations

Branches:
Dungeon (4/15)
 Temple: D:4-7

Altars:
Gozag
Makhleb


Message History

The gnoll hits you from afar with a +0 spear of freezing.
The gnoll freezes you.
You slash the gnoll!
You kill the gnoll!
The gnoll hits you from afar with a +0 spear of freezing.
The gnoll freezes you.
The gnoll hits you from afar with a +0 spear of freezing.
The gnoll freezes you. The gnoll hits you but does no damage.
Things that are here:
a +0 whip; a gnoll corpse
Enter note:
Enter note:
Enter note:
Enter note:
Enter note:
Enter note: You hit the gnoll but do no damage.
The gnoll hits you but does no damage. You block the gnoll's attack.
You slash the gnoll!
You kill the gnoll!
The gnoll hits you but does no damage. The gnoll hits you with a +0 halberd!
Enter note:
Enter note:
Enter note:
Enter note:
Enter note:
Enter note:
2612 ||| READING scroll of teleportation.
As you read the scroll of teleportation, it crumbles to dust.
You feel strangely unstable. The gnoll hits you but does no damage.
You slash the gnoll!
The gnoll is severely wounded.
The gnoll hits you with a +0 halberd.
You barely miss the gnoll.
The gnoll is severely wounded.
The gnoll hits you with a +0 halberd.
You die...

#...............
#........)..... ###
###............ .... #
##..........#..#.....
..#...........#..#....#
.........#....#......#
.......).####........#
......))### ##..##..###
.<.....@..#
#....#.#..##
......#g..#
##...#.#....
#####.###..#
#...)..#... ##
..###......#...
..##...........
..#.......###.
........?.##
...........##.
..............#.


You could see a gnoll.

Vanquished Creatures
  A phantom (D:4)
  2 orc priests (D:3)
  An orc wizard (D:3)
  3 gnolls (D:4)
  3 adders
  An ufetubus (D:4)
  A worm (D:2)
  2 dart slugs
  5 orcs
  6 endoplasms
  3 giant cockroaches
  11 hobgoblins
  4 jackals
  6 kobolds
  8 quokkas
  7 ball pythons
  5 bats
  4 frilled lizards
  11 goblins
  21 rats
105 creatures vanquished.

Notes
Turn   | Place    | Note
-------+----------+-------------------------------------------
     0 | D:1      | qw the Gargoyle Fighter began the quest for the Orb.
     0 | D:1      | Reached XP level 1. HP: 14/14 MP: 1/1
     0 | D:1      | 0 ||| qw: Version: 0.2-a-29-gc1b59c4
     0 | D:1      | 0 ||| qw: Game counter: 4156
     0 | D:1      | 0 ||| qw: Always use a shield: true
     0 | D:1      | 0 ||| qw: God list: Okawaru
     0 | D:1      | 0 ||| qw: Allow faded altars: false
     0 | D:1      | 0 ||| qw: Do Orc after D:15 true
     0 | D:1      | 0 ||| qw: Do second Lair branch before Depths: true
     0 | D:1      | 0 ||| qw: Lair rune preference: random
     0 | D:1      | 0 ||| qw: Plans: Normal, Zot:1-4, Slime:5, God:TSO, Crypt,
                  | Tomb, Abyss, Pan, Hells, Win
     0 | D:1      | 0 ||| PLANNING D:1-11
    49 | D:1      | Reached skill level 2 in Axes
   131 | D:1      | Reached XP level 2. HP: 14/19 MP: 2/2
   484 | D:1      | Reached skill level 3 in Axes
   556 | D:1      | 556 ||| DROPPING orb of guile.
   557 | D:1      | 557 ||| DROPPING +0 hat of stealth.
   558 | D:1      | 558 ||| UPGRADING to ring of positive energy.
   559 | D:1      | 559 ||| READING 2 scrolls labelled MIFIUR MAHYFO.
   560 | D:1      | 560 ||| READING 3 scrolls labelled TUG NOXKELOTA.
   561 | D:1      | 561 ||| READING scroll labelled VETHRY NAQIUSU.
   562 | D:1      | 562 ||| READING scroll labelled DUCOUCL LIBBI.
   573 | D:1      | Reached XP level 3. HP: 23/23 MP: 3/3
   573 | D:1      | 573 ||| DROPPING 2 scrolls of poison.
   658 | D:2      | 658 ||| Stepping ~*~*~tactically~*~*~ (stealth).
   668 | D:2      | 668 ||| Stepping ~*~*~tactically~*~*~ (stealth).
   669 | D:2      | 669 ||| Stepping ~*~*~tactically~*~*~ (stealth).
   673 | D:2      | 673 ||| Stepping ~*~*~tactically~*~*~ (stealth).
   795 | D:2      | 795 ||| Stepping ~*~*~tactically~*~*~ (stealth).
   798 | D:2      | 798 ||| Stepping ~*~*~tactically~*~*~ (stealth).
   855 | D:2      | Reached XP level 4. HP: 28/28 MP: 4/4
  1010 | D:2      | Reached skill level 4 in Axes
  1233 | D:2      | 1233 ||| READING scroll labelled NAUD KIPLOCSE.
  1354 | D:3      | 1354 ||| FLEEEEING.
  1367 | D:3      | 1367 ||| Stepping ~*~*~tactically~*~*~ (stealth).
  1404 | D:3      | 1404 ||| Stepping ~*~*~tactically~*~*~ (stealth).
  1405 | D:3      | 1405 ||| Stepping ~*~*~tactically~*~*~ (stealth).
  1409 | D:3      | 1409 ||| Stepping ~*~*~tactically~*~*~ (hiding).
  1416 | D:3      | Reached XP level 5. HP: 32/32 MP: 5/5
  1425 | D:3      | Reached skill level 5 in Axes
  1468 | D:3      | 1468 ||| READING scroll of brand weapon.
  1468 | D:3      | 1468 ||| BRANDING +0 war axe of venom.
  1649 | D:3      | Found a burning altar of Makhleb.
  1875 | D:3      | 1875 ||| Stepping ~*~*~tactically~*~*~ (stealth).
  1877 | D:3      | 1877 ||| Stepping ~*~*~tactically~*~*~ (hiding).
  1981 | D:3      | Identified the +2 pair of boots "Mupu" {-Cast rN+ Dex+3
                  | SInv}
  2378 | D:3      | 2378 ||| UPGRADING to +0 plate armour.
  2388 | D:3      | 2388 ||| DROPPING +0 scale mail.
  2389 | D:3      | 2389 ||| UPGRADING to +0 cloak.
  2394 | D:3      | 2394 ||| UPGRADING to +2 pair of boots "Mupu" {-Cast rN+
                  | Dex+3 SInv}.
  2399 | D:3      | 2399 ||| READING scroll labelled CYIZICREIS.
  2400 | D:3      | 2400 ||| READING scroll labelled FAPECR QIPN.
  2463 | D:4      | Noticed a phantom
  2468 | D:4      | Killed a phantom
  2469 | D:4      | Reached XP level 6. HP: 38/38 MP: 6/6
  2517 | D:4      | Found an opulent altar of Gozag.
  2541 | D:4      | 2541 ||| DROPPING +0 club.
  2559 | D:4      | 2559 ||| Stepping ~*~*~tactically~*~*~ (stealth).
  2597 | D:4      | 2597 ||| Stepping ~*~*~tactically~*~*~ (hiding).
  2611 | D:4      | HP: 5/38 [gnoll/+0 halberd (9)]
  2612 | D:4      | 2612 ||| READING scroll of teleportation.
  2613 | D:4      | HP: 2/38 [gnoll/+0 halberd (3)]
  2614 | D:4      | Slain by a gnoll

Levels and vault maps discovered:
D:1:      onia_arrival_pyramid, layout_rooms, minmay_misc_feat_rows,
          minmay_misc_feat_five, minmay_cupped
D:2:      cheibrodos_greedy_goblins, layout_loops_ring, minmay_tetromino_l2
D:3:      layout_basic, makhleb_altar_promises_db, amethyst_killhole, hex_large,
          st_stairs_3, minmay_rat_hole
D:4:      layout_cave_pools, mainiacjoe_overflow_concentric_impassable,
          mainiacjoe_overflow_paths, serial_glass, glass_columns_c,
          glass_columns_a, uniq_pargi

Skill      XL: |  1  2  3  4  5 |
---------------+----------------+-----
Axes           | 2 3 4 5 |  5.7
Fighting       | 4 |  4.1
Armour         | |  3.2
Shields        | |  3.2

Action                     |  1- 3 |  4- 6 || total
---------------------------+-------+-------++-------
  Melee: War axe           |    99 |   125 ||   224
  Throw: Boomerang         |    12 |    61 ||    73
    Use: Scroll            |     4 |     5 ||     9
 Armour: Scale mail        |    52 |    51 ||   103
         Plate armour      |       |    20 ||    20
  Dodge: Dodged            |    42 |    42 ||    84
  Block: Buckler           |    17 |    21 ||    38

Table legend:
 A = Non-vault XP
 B = Vault XP
 C = Vault XP percentage of total XP
 D = Non-vault monster count
 E = Vault monster count
 F = Vault count percentage of total count
                 A         B        C        D         E       F
            +---------+---------+-------+---------+---------+-------
      Total |     392 |      82 |  17.3 |      66 |      39 |  37.1
            +---------+---------+-------+---------+---------+-------
        D:1 |      31 |       4 |  11.4 |      18 |       3 |  14.3
        D:2 |      42 |      43 |  50.6 |      19 |      15 |  44.1
        D:3 |     151 |      35 |  18.8 |      19 |      21 |  52.5
        D:4 |     168 |       0 |   0.0 |      10 |       0 |   0.0
            +---------+---------+-------+---------+---------+-------
